 Dungeon Crawl Stone Soup version 0.28-b1-25-g9875b3fc8c (webtiles) character file.

Game seed: 7521814400889769227

62 crazypyro the Cudgeller (level 3, -3/29 HPs)
             Began as a Demonspawn Fighter on Jan 31, 2022.
             Slain by a kobold (20 damage)
             ... on level 2 of the Dungeon.
             The game lasted 00:02:33 (1732 turns).

crazypyro the Cudgeller (Demonspawn Fighter)        Turns: 1732, Time: 00:02:35

Health: -3/29      AC: 13    Str: 18    XL:     3   Next: 85%
Magic:  3/3        EV: 14    Int:  9    God:
Gold:   77         SH:  4    Dex: 12    Spells: 2/2 levels left

rFire   . . .      SeeInvis .   a - +0 flail
rCold   . . .      Faith    .   c - +0 buckler
rNeg    + . .      Spirit   .   f - +2 ring mail {rN+}
rPois   .          Reflect  .   h - +1 helmet
rElec   .          Harm     .   (no cloak)
rCorr   .          Rampage  .   (no gloves)
Will    .....                   (no boots)
Stlth   +.........              (no amulet)
HPRegen 0.09/turn               j - +4 ring of protection
MPRegen 0.08/turn               g - +4 ring of evasion

@: no status effects
A: powered by pain 1, weakness stinger 1
a: no special abilities


You were on level 2 of the Dungeon.
You visited 1 branch of the dungeon, and saw 2 of its levels.

You collected 77 gold pieces.

Inventory:

Hand Weapons
 a - a +0 flail (weapon)
Armour
 b - a +0 scale mail
 c - a +0 buckler (worn)
 f - a +2 ring mail of positive energy (worn)
 h - a +1 helmet (worn)
Jewellery
 g - a +4 ring of evasion (right hand)
 j - a +4 ring of protection (left hand)
Scrolls
 k - 3 scrolls of identify
Potions
 d - 2 potions of might
 e - a potion of heal wounds {unknown}
 m - 2 potions of berserk rage


   Skills:
 - Level 3.0 Fighting
 * Level 3.8 Maces & Flails
 - Level 2.6 Armour
 - Level 2.6 Shields


You had 2 spell levels left.
You didn't know any spells.
Your spell library was empty.

Dungeon Overview and Level Annotations

Branches:
Dungeon (2/15)

Altars:

Shops:
D:2 *=:[


Innate Abilities, Weirdness & Mutations

You sometimes gain a little power by taking damage.
You have a small tail.


Message History

The adder completely misses you. The kobold misses you. The adder bites you.
You barely miss the adder.
Your tail-slap misses the adder.
The adder is lightly wounded.
The adder bites you but does no damage. The kobold hits you but does no damage.
The adder misses you.
You hit the adder but do no damage.
The adder is lightly wounded.
The kobold completely misses you. The adder completely misses you.
You block the kobold's attack.
You closely miss the adder.
The adder is lightly wounded.
The adder bites you but does no damage. The kobold barely misses you.
The adder closely misses you.
You barely miss the adder.
The adder is lightly wounded.
The adder bites you.
You are poisoned.
The adder poisons you! You block the kobold's attack.
The adder bites you but does no damage.
You hit the adder.
The adder is severely wounded.
You feel sick. The kobold hits you but does no damage.
You block the adder's attack.
You closely miss the adder.
The adder is severely wounded.
You feel sick. The adder closely misses you. The kobold barely misses you.
The adder bites you but does no damage. The kobold hits you but does no damage.
You closely miss the adder.
Your tail-slap misses the adder.
The adder is severely wounded.
You feel sick. The adder bites you. The kobold misses you. The adder bites you.
You closely miss the adder.
The adder is severely wounded.
You feel sick. The kobold closely misses you. The adder completely misses you.
You sock the adder!
You kill the adder!
You feel sick.
You are no longer poisoned.
The kobold hits you but does no damage.
You are electrocuted!!
Ouch! That really hurt!
You die...

#..#.#.#.........
#..#............#
#..###<#.######.#
#..#............#
#..#.#.#.#####...
#..#.#.#.# #.# #
#..###.#.#####.##.#
#.................#
####.###.#.#####@####
.....# #.#.#
#†K.....# ######
#.#.# #.....### #.#.#
#.###.# #.#.# #.# #
########.#.# #.#
..∩......#.. ..#
########.# ### ###


You could see a kobold.

Vanquished Creatures
  3 adders (D:2)
  A dart slug (D:2)
  A ball python (D:1)
  4 endoplasms
  10 giant cockroaches (D:2)
  3 goblins (D:1)
  4 hobgoblins
  2 jackals (D:1)
  2 kobolds (D:1)
  2 bats (D:1)
  2 frilled lizards (D:1)
  3 rats (D:1)
37 creatures vanquished.

Notes
Turn   | Place    | Note
-------+----------+-------------------------------------------
     0 | D:1      | crazypyro the Demonspawn Fighter began the quest for the
                  | Orb.
     0 | D:1      | Reached XP level 1. HP: 18/18 MP: 1/1
   260 | D:1      | Gained mutation: You sometimes gain a little power by
                  | taking damage. [demonic ancestry]
   260 | D:1      | Reached XP level 2. HP: 22/24 MP: 2/2
   916 | D:2      | Found Aclojiergh's Jewellery Boutique.
  1004 | D:2      | Discovered your monstrous ancestry.
  1004 | D:2      | Gained mutation: You have a small tail. [demonic ancestry]
  1004 | D:2      | Reached XP level 3. HP: 29/29 MP: 3/3
  1205 | D:2      | Found Mogoudgh's Book Emporium.
  1352 | D:2      | Found Niebb's Antique Armour Shop.
  1504 | D:2      | Found a faded altar of an unknown god.
  1693 | D:2      | Found Nocuolurph's General Store.
  1732 | D:2      | Slain by a kobold

Illustrated notes

Levels and vault maps discovered:
D:1:      shiori_shiawase, layout_basic, minmay_pentomino_z4
D:2:      minmay_roachtagon, layout_basic, serial_shops,
          nicolae_shop_behind_doors, shop, nicolae_shop_trees, shop,
          nicolae_shop_waterfront, shapermc_ecumenical_altar_pompeii

Skill      XL: |  1  2 |
---------------+-------+-----
Maces & Flails | 2 3 |  3.8
Fighting       | |  3.0
Armour         | |  2.6
Shields        | |  2.6

Action                   || total
-------------------------++-------
Melee: Flail             ||   102
       Tailslap          ||     3
  Use: Scroll            ||     5
Armor: Ring mail         ||    50
       Scale mail        ||     2
Dodge: Dodged            ||    60
Block: Buckler           ||    29
